 Dungeon Crawl Stone Soup version 0.30.1-11-g7821555f0a (webtiles) character file.

Game seed: 9422244898075075570

209 Gladio the Slasher (level 5, -1/41 HPs)
             Began as a Vampire Gladiator on Oct 30, 2023.
             Splashed by a jelly's acid (9 damage)
             ... on level 3 of the Dungeon.
             The game lasted 00:04:21 (2156 turns).

Gladio the Slasher (Vampire Gladiator)              Turns: 2156, Time: 00:04:22

Health: -1/41      AC:  2    Str: 13    XL:     5   Next: 55%
Magic:  5/5        EV: 11    Int: 10    God:
Gold:   192        SH:  9    Dex: 18    Spells: 4/4 levels left

rFire   . . .        a - +0 long sword
rCold   . . .        i - +0 kite shield
rNeg    . . .        b - +0 leather armour
rPois   +            c - +0 helmet
rElec   .            p - +0 cloak
rCorr   .            h - +0 pair of gloves
SInv    +            (no boots)
Will    .....        (no amulet)
Stlth   +            g - ring of poison resistance
HPRegen 0.46/turn    (no ring)
MPRegen 0.09/turn

%: no passive effects
@: corroded, healing quickly
A: alive, fangs 3, see invisible, vampiric 2
a: Exsanguinate


You were on level 3 of the Dungeon.
You visited 1 branch of the dungeon, and saw 3 of its levels.

You collected 192 gold pieces.

Inventory:

Hand Weapons
 a - a +0 long sword (weapon)
Missiles
 d - 3 throwing nets (quivered)
 e - a javelin
Armour
 b - a +0 leather armour (worn)
 c - a +0 helmet (worn)
 h - a +0 pair of gloves (worn)
 i - a +0 kite shield (worn)
 p - a +0 cloak (worn)
Jewellery
 g - a ring of poison resistance (left hand)
 m - an amulet of magic regeneration
 r - a +6 ring of intelligence
Scrolls
 j - a scroll of fear {unknown}
 k - 3 scrolls of identify
 o - a scroll of butterflies {unknown}
 s - a scroll of vulnerability {unknown}
 v - a scroll of poison {unknown}
 w - a scroll of enchant armour {unknown}
 x - a scroll of teleportation
Potions
 f - 2 potions of heal wounds
 l - 3 potions of attraction {unknown}
 n - a potion of haste {unknown}
 q - a potion of cancellation {unknown}
 t - a potion of brilliance {unknown}
 u - a potion of invisibility {unknown}


   Skills:
 + Level 3.0 Fighting
 * Level 5.0 Long Blades
 - Level 1.5 Throwing
 - Level 3.2 Dodging
 + Level 2.0 Shields


You had 4 spell levels left.
You didn't know any spells.
Your spell library contained the following spells:

 Spells                   Type           Power      Damage    Failure   Level
 Beastly Appendage        Tmut           0%         N/A       88%         1
 Magic Dart               Conj           0%         1d3       88%         1
 Searing Ray              Conj           0%         2d4       95%         2
 Wereblood                Tmut           0%         N/A       95%         2
 Ozocubu's Armour         Ice            0%         N/A       99%         3
 Spider Form              Tmut/Pois      0%         N/A       99%         3
 Fulminant Prism          Conj/Hex       0%         3d5       100%        4
 Metabolic Englaciation   Hex/Ice        0%         N/A       100%        5
 Simulacrum               Ice/Necr       0%         N/A       100%        6


Dungeon Overview and Level Annotations

Branches:
Dungeon (3/15)

Altars:
Cheibriados
Dithmenos
Okawaru
Qazlal
Sif Muna
Vehumet


Innate Abilities, Weirdness & Mutations

Your natural rate of healing is accelerated.
You have razor-sharp teeth.
You have supernaturally acute eyesight. (SInv)
You are afflicted with vampirism and can become a bat while bloodless.


Message History

No target in view!
No target in view!
No target in view!
No target in view!
No target in view!
No target in view!
There is an open door here.
Key pressed, stopping explore.
Things that are here:
a +0 short sword; 3 poisoned darts
There is an open door here.
There are monsters nearby!
There are monsters nearby!
The jelly quivers.
You block the jelly's attack.
The endoplasm quivers.
You hit the jelly but do no damage.
Your hands burn!
The jelly barely misses you.
You hit the jelly.
Your hands burn!
The jelly is lightly wounded.
The endoplasm freezes you.
You are frozen.
The jelly closely misses you. You block the jelly's attack.
The endoplasm misses you.
You barely miss the jelly.
The jelly is lightly wounded.
You block the endoplasm's attack. The jelly hits you. The acid corrodes you!
You are splashed with acid.
You slash the jelly!
Your hands burn!
The jelly is heavily wounded.
The endoplasm barely misses you. You block the jelly's attack.
The jelly hits you.
You are splashed with acid.
The endoplasm freezes you.
You are frozen.
* * * LOW HITPOINT WARNING * * *
There is an open door here.
Unknown command.
The jelly attacks as you move away! The jelly hits you.
* * * LOW HITPOINT WARNING * * *
You are splashed with acid!
You die...

##.# #.#####
#.........#### #.# #.#
###########...#####.# #
#)# #.# :.....÷..####.##
#.# # ##.###.#
........÷# #...####.## #
.......# ...÷.....#
#.#.......### .......#
.........# #.....##.....
##÷##### ..÷......#
##.##.###.... ##.#
......JJ.####.##.######.
##.#
#######@###.#.##.......†
##.# ##...)..##
##..########## ##.#
#.######## ##.## ##.
...# ##..'....# ##.#
##.. ...#
####....#####.## #...
##.# #.(.....##.#.##
##<. ##.# #.......##..##
##. ##.# #.......#####
## #.# #.......####### #


You could see a jelly and an endoplasm.

Vanquished Creatures
  2 jellies (D:3)
  A gnoll bouda (D:3)
  4 gnolls (D:3)
  An adder (D:3)
  12 endoplasms
  A giant cockroach (D:2)
  7 goblins
  6 hobgoblins
  4 jackals (D:2)
  12 kobolds
  2 quokkas (D:2)
  4 ball pythons
  7 bats
  2 frilled lizards
  7 rats
72 creatures vanquished.

Notes
Turn   | Place    | Note
-------+----------+-------------------------------------------
     0 | D:1      | Gladio the Vampire Gladiator began the quest for the Orb.
     0 | D:1      | Reached XP level 1. HP: 16/16 MP: 1/1
     8 | D:1      | Found a faded altar of an unknown god.
     9 | D:1      | You fall into a shaft and drop 1 floor!
    99 | D:1      | Reached XP level 2. HP: 22/22 MP: 2/2
   727 | D:3      | Found an iron altar of Okawaru.
   734 | D:3      | Found a stormy altar of Qazlal.
   737 | D:3      | Found a radiant altar of Vehumet.
   744 | D:3      | Found a shimmering blue altar of Sif Muna.
   745 | D:3      | Found a shadowy altar of Dithmenos.
   758 | D:3      | Found a snail-covered altar of Cheibriados.
   899 | D:3      | Gained mutation: You are afflicted with vampirism and can
                  | become a bat while bloodless. [Vampire growth]
   899 | D:3      | Reached XP level 3. HP: 21/27 MP: 3/3
   935 | D:3      | Reached skill level 4 in Long Blades
   948 | D:3      | Reached skill level 1 in Shields
   948 | D:3      | Reached XP level 4. HP: 21/34 MP: 4/4
  1634 | D:3      | Reached XP level 5. HP: 40/40 MP: 5/5
  2038 | D:3      | Reached skill level 5 in Long Blades
  2156 | D:3      | Splashed by a jelly's acid

Illustrated notes

Levels and vault maps discovered:
D:1:      onia_arrival_pentagram, layout_basic,
          ebering_ecumenical_altar_abandoned
D:2:      layout_rooms, basic_altar, minmay_box_of_dots
D:3:      cheibrodos_fertilizer, layout_loops_ring, lemuel_round_altar,
          nicolae_overflow_hallway_of_the_gods

Skill      XL: |  1  2  3  4  5 |
---------------+----------------+-----
Fighting       | 2 3 |  3.0
Long Blades    | 4 5 |  5.0
Shields        | 1 2 |  2.0
Throwing       | |  1.5
Dodging        | |  3.2

Action                     |  1- 3 |  4- 6 || total
---------------------------+-------+-------++-------
  Melee: Long sword        |    69 |   125 ||   194
         Bite              |     8 |     7 ||    15
    Use: Potion            |     1 |     1 ||     2
         Scroll            |       |     2 ||     2
 Armour: Leather armour    |    21 |    36 ||    57
  Dodge: Dodged            |    40 |    71 ||   111
  Block: Kite shield       |    20 |    63 ||    83
